 Dungeon Crawl Stone Soup version 0.31-a0-702-gf82c85558f (webtiles) character file.

Game seed: 16103075866155689706

137 arthad the Ruffian (level 5, 0/49 HPs)
             Began as a Troll Shapeshifter on Sept 8, 2023.
             Slain by an adder (1 damage)
             ... on level 3 of the Dungeon.
             The game lasted 00:03:01 (1909 turns).

arthad the Ruffian (Troll Shapeshifter)             Turns: 1909, Time: 00:03:02

Health: 0/49       AC:  4    Str: 21 (24) XL:     5   Next: 0%
Magic:  4/4        EV:  9    Int:  3 (6)  God:
Gold:   66         SH:  0    Dex:  7 (9)  Spells: 4/4 levels left

rFire   . .          .
                       - Unarmed
rCold   . . .        (no shield)
rNeg    . . .        a - +0 animal skin
rPois   .            (helmet currently unavailable)
rElec   .            (cloak currently unavailable)
rCorr   .            (gloves unavailable)
SInv    .            (boots unavailable)
Will    .....        (no amulet)
Stlth   +            (no ring)
HPRegen 1.08/turn    (no ring)
MPRegen 0.09/turn

%: no passive effects
@: brilliant, about to teleport, beast-form
A: beast (slay +2), large, unfitting armour, claws 3, regeneration 1, shaggy fur
1, tough skin 1
a: Begin Untransformation


You were on level 3 of the Dungeon.
You were a hulking beast.
You visited 1 branch of the dungeon, and saw 4 of its levels.

You collected 66 gold pieces.

Inventory:

Armour
 a - a +0 animal skin (worn)
Talismans
 c - a beast talisman (active)
 d - a flux talisman
Wands
 n - a wand of polymorph (9)
Scrolls
 e - 3 scrolls of teleportation
 f - a scroll of butterflies {unknown}
 g - a scroll of revelation {unknown}
 i - a scroll of fear {unknown}
 j - a scroll of identify {unknown}
 k - a scroll of fog
Potions
 b - 3 potions of lignification
 h - a potion of cancellation


   Skills:
 * Level 1.8 Fighting
 * Level 2.4 Dodging
 + Level 0.6 Stealth
 * Level 3.8 Unarmed Combat
 * Level 3.5 Shapeshifting


You had 4 spell levels left.
You didn't know any spells.
Your spell library contained the following spells:

 Spells                   Type           Power      Damage    Failure   Level
 Necrotise                Necr           0%         1d4       52%         1
 Vampiric Draining        Necr           0%         2d6       88%         3
 Olgreb's Toxic Radiance  Pois           0%         N/A       99%         4
 Agony                    Necr           0%         N/A       100%        5
 Discord                  Hex            0%         N/A       100%        8
 Ignition                 Fire           0%         3d3       100%        8


Dungeon Overview and Level Annotations

Branches:
Dungeon (4/15)
 Temple: D:4-7

Altars:
Ashenzari

Annotations:
D:3 Blork the orc, Eustachio


Innate Abilities, Weirdness & Mutations

You are a hulking beast.
Your limbs bulge with bestial killing power. (Slay +2)
You are too large for most types of armour.
You have claws for hands.
Your natural rate of healing is unusually fast.
You are covered in fur. (AC +1)
You have tough skin. (AC +1)


Message History

It was a potion of degeneration.
There was something very wrong with that liquid.
You feel weakened.
You feel dopey.
You feel clumsy.
Blork the orc hits you with a +0 long sword!
The adder barely misses you.
The crimson imp disappears for a moment.
It was a potion of brilliance.
You feel clever all of a sudden. Blork the orc casts a spell at you.
The puff of flame hits you.
Eustachio calls on the powers of shadow!
The adder barely misses you.
Blork the orc hits you with a +0 long sword.
It was a potion of curing.
You feel better. The adder barely misses you.
Eustachio gestures wildly while chanting.
Eustachio blinks!
Blork the orc barely misses you. The adder bites you but does no damage.
The crimson imp blinks!
Okay, then.
Okay, then.
As you read the scroll labelled KEG GIEBROUS, it crumbles to dust.
You hear a loud clanging noise!
It was a scroll of noise.
Blork the orc hits you with a +0 long sword!
The adder bites you.
Blork the orc hits you with a +0 long sword.
As you read the scroll labelled KUQ UKKIRACATO, it dissolves into smoke.
It was a scroll of fog.
Blork the orc points at you and mumbles some strange words.
The puff of flame hits you!
* * * LOW HITPOINT WARNING * * *
The adder bites you but does no damage.
As you read the scroll labelled TICYXKUCKY, it crumbles to dust.
You feel strangely unstable.
It was a scroll of teleportation.
Blork the orc casts a cantrip, but nothing happens.
The adder closely misses you. Blork the orc casts a spell at you.
The puff of frost hits you!
* * * LOW HITPOINT WARNING * * *
The adder bites you.
You die...

.............#
♣.♣♣♣ ♣♣.
#######......#
♣†♣ ♣.♣
#......# ♣♣5♣
♣♣♣♣♣.♣
#.....## ♣.♣♣
♣.♣♣.♣♣
#.....# ♣@♣
♣♣♣.).♣♣
####### ♣♣.♣
♣♣...♣♣♣ ♣♣5♣♣
♣[...♣♣ ♣So♣
♣.[...♣ ♣h♣♣
♣....♣♣ ♣♣♣
♣♣..♣.♣ ♣♣♣♣♣♣


You could see Blork the orc (fast), an iron imp (summoned) and an adder.

Vanquished Creatures
  Jessica (D:2)
  3 adders
  A worm (D:2)
  3 dart slugs
  4 orcs (D:3)
  5 ball pythons
  4 endoplasms
  4 giant cockroaches
  12 goblins
  6 hobgoblins
  2 jackals (D:3)
  5 kobolds
  5 quokkas
  5 bats
  3 frilled lizards
  4 rats
67 creatures vanquished.

Notes
Turn   | Place    | Note
-------+----------+-------------------------------------------
     0 | D:1      | arthad the Troll Shapeshifter began the quest for the Orb.
     0 | D:1      | Reached XP level 1. HP: 18/18 MP: 0/0
   202 | D:1      | Reached skill level 1 in Fighting
   404 | D:1      | Reached XP level 2. HP: 27/27 MP: 1/1
   891 | D:2      | Noticed Jessica
   895 | D:2      | Killed Jessica
   896 | D:2      | Reached XP level 3. HP: 28/33 MP: 2/2
  1064 | D:2      | Reached XP level 4. HP: 41/41 MP: 3/3
  1637 | D:3      | Found a broken altar of Ashenzari.
  1675 | D:3      | Found a faded altar of an unknown god.
  1887 | D:3      | Reached XP level 5. HP: 49/49 MP: 4/4
  1897 | D:4      | Noticed Eustachio
  1897 | D:4      | Noticed Blork the orc
  1909 | D:3      | HP: 1/49 [Blork the orc/puff of frost (9)]
  1909 | D:3      | Slain by an adder

Illustrated notes

Levels and vault maps discovered:
D:1:      lightli_arrival_noodles, layout_loops_corners
D:2:      layout_rooms, serial_glass, glass_columns_c, glass_columns_c,
          minmay_strange_pillars, reono_crystal_passage, uniq_jessica
D:3:      kb_forest_paths, layout_rooms, mainiacjoe_overflow_alcove_1,
          ebering_ecumenical_altar_rust
D:4:      layout_rooms, ebering_ghost_gozag, minmay_shop_mayhem,
          hangedman_decor_push, minivault_25, minmay_misc_feat_ornament,
          uniq_eustachio, uniq_blork_the_orc

Skill      XL: |  1  2 |
---------------+-------+-----
Fighting       | 1 |  1.8
Dodging        | 2 |  2.4
Stealth        | |  0.6
Unarmed Combat | |  3.8
Shapeshifting  | |  3.5

Action                     |  1- 3 |  4- 6 || total
---------------------------+-------+-------++-------
  Melee: Unarmed           |    71 |   102 ||   173
         Punch             |     1 |     2 ||     3
    Use: Potion            |       |     5 ||     5
         Scroll            |       |     3 ||     3
   Stab: Sleeping          |     1 |     1 ||     2
 Armour: Animal skin       |    34 |    99 ||   133
         Skin              |       |     1 ||     1
  Dodge: Dodged            |    31 |    82 ||   113

Table legend: (Time is in decaauts)
 A = Elapsed time spent in this place.
 B = Non-inter-level travel time spent in this place.
 C = Inter-level travel time spent in this place.
 D = Time resting spent in this place.
 E = Time spent auto-exploring this place.
 F = Levels seen in this place.
 G = Mean time per level.
                   A        B        C        D        E       F      G
               +--------+--------+--------+--------+--------+-----+--------+
         Total |   1897 |   1867 |     30 |      0 |   1506 |   4 |  474.2 |
       Dungeon |   1897 |   1867 |     30 |      0 |   1506 |   4 |  474.2 |
               +--------+--------+--------+--------+--------+-----+--------+

Top non-repeatable levels by time:
     D:1: 888 daAuts
     D:3: 559 daAuts
     D:2: 446 daAuts
     D:4: 2 daAuts
